 Dungeon Crawl Stone Soup version 0.29.1-1-gd02db6906a (webtiles) character file.

Game seed: 175182530186361240

5868 hawla the Destroyer (level 10, -5/115 HPs)
             Began as a Purple Draconian Conjurer on Sept 18, 2022.
             Slain by a two-headed ogre
             ... wielding a +0 giant club
              (6 damage)
             ... on level 8 of the Dungeon on Sept 20, 2022.
             The game lasted 00:32:52 (11356 turns).

hawla the Destroyer (Purple Draconian Conjurer)    Turns: 11356, Time: 00:32:53

Health: -5/115     AC: 25    Str:  9    XL:     10   Next: 52%
Magic:  2/15       EV:  2    Int: 23    God:
Gold:   413        SH:  0    Dex: 10    Spells: 9/16 levels left

rFire   . . .      SeeInvis .   v - +0 broad axe (vorpal)
rCold   + . .      Faith    .   (no shield)
rNeg    . . .      Spirit   .   (body armour unavailable)
rPois   +          Reflect  .   (helmet currently unavailable)
rElec   .          Harm     .   (cloak currently unavailable)
rCorr   .          Rampage  .   (gloves currently unavailable)
Will    +....      NoTele   +   (boots currently unavailable)
Stlth   ++........              (no amulet)
HPRegen 0.29/turn               n - ring of protection from cold
MPRegen 0.14/turn               (no ring)

@: tree-form (expiring), slowed, very slow
A: stationary, stasis, torment immunity, boosted hp, (breathe power), AC +7,
unfitting armour, (cold-blooded)
a: no special abilities


You were on level 8 of the Dungeon.
You were a tree.
You visited 2 branches of the dungeon, and saw 9 of its levels.

You collected 413 gold pieces.

Inventory:

Hand Weapons
 f - a +3 quarterstaff of chaos
 q - a +0 flail of holy wrath
 v - a +0 vorpal broad axe (weapon)
Missiles
 a - 12 poisoned darts (quivered)
 e - 3 throwing nets
 j - 9 boomerangs
Armour
 c - the +2 pair of gloves of the Louse (melded) {Dex+7}
   (You acquired it on level 5 of the Dungeon)

   Dex:       It affects your dexterity (+7).
 m - a +0 pair of boots (melded)
 t - a +0 cloak (melded)
Jewellery
 n - a ring of protection from cold (left branch)
Wands
 o - a wand of flame (36)
Scrolls
 g - 2 scrolls of magic mapping
Potions
 b - a potion of might
 h - 2 potions of curing
 i - a potion of flight {unknown}
 k - a potion of magic
 l - a potion of invisibility
 p - 2 potions of ambrosia
 r - 2 potions of mutation {unknown}
 s - a potion of resistance
 u - a potion of haste {unknown}


   Skills:
 + Level 3.5 Fighting
 + Level 6.4(7.5) Axes
 + Level 5.8(7.5) Maces & Flails
 + Level 2.8(4.7) Staves
 + Level 1.5 Throwing
 + Level 4.0 Dodging
 + Level 4.3 Stealth
 + Level 3.9 Spellcasting
 + Level 9.9 Conjurations
 + Level 4.8 Translocations


You had 9 spell levels left.
You knew the following spells:

 Your Spells              Type           Power      Damage    Failure   Level
a - Magic Dart            Conj           100%       1d8       1%          1
b - Searing Ray           Conj           100%       2d8       1%          2
c - Iskenderun's Mystic   Conj/Tloc      38%        2d9       4%          4

Your spell library contained the following spells:

 Spells                   Type           Power      Damage    Failure   Level
 Blink                    Tloc           52%        N/A       2%          2
 Dazzling Flash           Conj/Hex       54%        N/A       4%          3
 Portal Projectile        Hex/Tloc       30%        N/A       12%         3
 Fulminant Prism          Conj/Hex       13%        3d9       14%         4
 Call Canine Familiar     Summ           4%         N/A       32%         3
 Manifold Assault         Tloc           26%        N/A       38%         5
 Leda's Liquefaction      Hex/Erth       2%         N/A       71%         4
 Starburst                Conj/Fire      13%        6d6       91%         6
 Storm Form               Tmut/Air       2%         N/A       100%        7


Dungeon Overview and Level Annotations

Branches:
Dungeon (8/15)             Temple (1/1) D:4
   Lair: D:8-11

Altars:
Cheibriados
Elyvilon
Hepliaklqana
Kikubaaqudgha
Makhleb
Nemelex Xobeh
Okawaru
Qazlal
Ru
Trog
Uskayaw
Vehumet
Wu Jian
Zin
The Shining One

Shops:
D:2 [   D:8 =

Annotations:
D:7 1 runed translucent door, groovy9's ghost, novice GrEE


Innate Abilities, Weirdness & Mutations

You are a tree.
Your roots penetrate the ground, keeping you stationary.
You cannot be teleported.
You are immune to unholy pain and torment.
Your maximum health is greatly increased.
Your equipment is partially melded.
((You can breathe bolts of dispelling energy.))
((Your rich purple scales are hard. (AC +7)))
You cannot fit into any form of body armour.
((You are cold-blooded and may be slowed by cold attacks.))


Message History

You erupt in a blast of force!
The mystic blast hits Gastronok.
Gastronok is almost dead.
Gastronok is knocked back by the mystic blast.
Gastronok slams into the rock wall!
Gastronok is almost dead.
Gastronok is no longer moving quickly.
You kill Gastronok!
Your base Axes skill increases to level 6!
Your Throwing skill increases to level 1!
Your Dodging skill increases to level 4!
You cannot move.
You cannot move.
You start resting.
A two-headed ogre comes into view. It is wielding two +0 giant clubs.
A two-headed ogre is nearby!
A two-headed ogre is nearby!
Casting: Iskenderun's Mystic Blast (dangerous; 4% risk of failure)
Confirm with . or Enter, or press ? or * to list all spells.
You erupt in a blast of force!
The mystic blast hits the two-headed ogre!
The two-headed ogre is moderately wounded.
The two-headed ogre is knocked back by the mystic blast.
Casting: Iskenderun's Mystic Blast (dangerous; 4% risk of failure)
Confirm with . or Enter, or press ? or * to list all spells.
You can't see any susceptible monsters within range! (Use Z to cast anyway.)
Casting: Iskenderun's Mystic Blast (dangerous; 4% risk of failure)
Confirm with . or Enter, or press ? or * to list all spells.
Aiming: Searing Ray (safe; 1% risk of failure)
Press: ? - help, Shift-Dir - straight line, f - two-headed ogre
Aim: a two-headed ogre, wielding two +0 giant clubs (moderately wounded, 92% to hit)
The searing ray hits the two-headed ogre!
The two-headed ogre is moderately wounded. (Press . to maintain the ray.)
The searing ray hits the two-headed ogre!
The two-headed ogre is heavily wounded.
Your transformation is almost over.
The two-headed ogre hits you with a +0 giant club!!
* * * LOW HITPOINT WARNING * * *
The two-headed ogre hits you with a +0 giant club.
You die...

.##### #####.............# .#
#.............# .#
#.............# .#
#.............# .## #.....#
#.............# ..# #.....#
#.............# ..# #.....#
#.............# ..# +..(..#
#....#'###....# ..# #.....+
#.♣..#.>.#....# ..####.....#
#.O..#...#....# ...........#
#...[#####....# ..)..).....#
#....#...###### ...........#
#(...'...# ...........#
#....#...#
...........####(...#...#
........(....§(....#...#
..........w........#...######


You could see a two-headed ogre.

Vanquished Creatures
  Gastronok (D:8)
  Pikel (D:8)
  Psyche (D:8)
  A troll (D:5)
  Sigmund (D:4)
  A wyvern (D:6)
  5 yaks (D:8)
  A wraith (D:7)
  An acid dragon (D:8)
  A water moccasin (D:6)
  2 ice beasts
  A sky beast (D:8)
  2 black bears (D:6)
  2 ogres
  A centaur (D:8)
  4 lemures (D:8)
  A kobold brigand (D:5)
  2 scorpions
  3 necrophages
  6 bullfrogs
  5 wights (D:8)
  A howler monkey (D:5)
  Crazy Yiuf (D:4)
  5 hounds
  A gnoll bouda (D:7)
  An orc priest (D:7)
  Jessica (D:2)
  4 iguanas
  Natasha (twice) (D:2)
  3 orc wizards (D:7)
  Robin (D:4)
  7 adders
  12 gnolls
  2 shadow imps
  A white imp (D:7)
  2 ufetubi
  A dart slug (D:1)
  11 orcs
  2 bats (D:1)
  11 endoplasms
  5 giant cockroaches
  18 goblins
  6 hobgoblins
  18 kobolds
  3 quokkas (D:1)
  5 ball pythons
  5 frilled lizards
  7 rats
179 creatures vanquished.

Vanquished Creatures (others)
  2 plants (D:2)
2 creatures vanquished.

Grand Total: 181 creatures vanquished

Notes
Turn   | Place    | Note
-------+----------+-------------------------------------------
     0 | D:1      | hawla the Draconian Conjurer began the quest for the Orb.
     0 | D:1      | Reached XP level 1. HP: 14/14 MP: 3/3
   430 | D:1      | Reached XP level 2. HP: 13/20 MP: 0/5
   625 | D:1      | HP: 1/20 [dart slug/slug dart (3)]
   974 | D:1      | Learned a level 2 spell: Searing Ray
  1262 | D:1      | Reached XP level 3. HP: 26/26 MP: 3/6
  1924 | D:2      | Noticed Natasha
  1929 | D:2      | Killed Natasha
  1930 | D:2      | Reached skill level 5 in Conjurations
  1982 | D:2      | Found Poamod's Antique Armour Shoppe.
  2046 | D:2      | Reached XP level 4. HP: 33/33 MP: 4/7
  2051 | D:2      | Learned a level 4 spell: Iskenderun's Mystic Blast
  2313 | D:2      | Found a faded altar of an unknown god.
  2364 | D:2      | Noticed Jessica
  2366 | D:2      | Killed Jessica
  2382 | D:2      | Noticed Natasha
  2386 | D:2      | Killed Natasha
  2533 | D:2      | Reached skill level 1 in Translocations
  2533 | D:2      | Reached XP level 5. HP: 38/38 MP: 2/8
  3575 | D:3      | Reached skill level 6 in Conjurations
  4399 | D:4      | Found a staircase to the Ecumenical Temple.
  4440 | Temple   | Entered the Ecumenical Temple
  4589 | D:4      | Found a runed translucent door.
  4590 | D:4      | Noticed Crazy Yiuf
  4642 | D:4      | Reached XP level 6. HP: 40/45 MP: 9/9
  5091 | D:4      | Noticed Sigmund
  5306 | D:4      | Killed Sigmund
  5307 | D:4      | Reached skill level 1 in Maces & Flails
  5307 | D:4      | Reached skill level 7 in Conjurations
  5442 | D:4      | Noticed Robin
  5455 | D:4      | Killed Robin
  5837 | D:4      | Killed Crazy Yiuf
  5838 | D:4      | Your scales start taking on a rich purple colour.
  5838 | D:4      | Reached XP level 7. HP: 35/50 MP: 1/11
  6006 | D:5      | Entered Level 5 of the Dungeon
  6373 | D:5      | Reached skill level 8 in Conjurations
  6483 | D:5      | Noticed a troll
  6488 | D:5      | Identified a scroll of acquirement
  6488 | D:5      | Acquired the +2 pair of gloves of the Louse {Dex+7}
  6504 | D:5      | Killed a troll
  6505 | D:5      | Reached skill level 1 in Staves
  6505 | D:5      | Reached XP level 8. HP: 15/57 MP: 0/12
  6947 | D:5      | Found a snail-covered altar of Cheibriados.
  7386 | D:6      | Found a glowing golden altar of the Shining One.
  7710 | D:6      | Reached skill level 1 in Axes
  7791 | D:6      | Reached skill level 9 in Conjurations
  8628 | D:6      | Reached XP level 9. HP: 62/62 MP: 7/13
  8771 | D:6      | Reached skill level 5 in Maces & Flails
  8963 | D:7      | Identified the +3 plate armour of Supple Strength {Rampage
                  | rC+ Dex+3}
  9460 | D:7      | Reached skill level 1 in Fighting
  9893 | D:7      | Found a runed translucent door.
  9894 | D:7      | Noticed groovy9's ghost (novice GrEE)
 10228 | D:8      | Noticed Pikel
 10258 | D:8      | Killed Pikel
 10493 | D:8      | Found a radiant altar of Vehumet.
 10827 | D:8      | Found Oschyoss's Jewellery Shop.
 10842 | D:8      | Noticed Psyche
 10850 | D:8      | Killed Psyche
 10851 | D:8      | Reached XP level 10. HP: 65/74 MP: 0/15
 10984 | D:8      | Reached skill level 5 in Axes
 10990 | D:8      | Noticed Gastronok
 11346 | D:8      | HP: 2/115 [Gastronok/the air (25)]
 11349 | D:8      | Killed Gastronok
 11350 | D:8      | Reached skill level 1 in Throwing
 11350 | D:8      | Noticed a two-headed ogre
 11356 | D:8      | HP: 1/115 [two-headed ogre/+0 giant club (20)]
 11356 | D:8      | Slain by a two-headed ogre

Illustrated notes

Levels and vault maps discovered:
D:1:      nagdon_arrival_zigzag_paths, layout_rooms
D:2:      layout_loops_ring, serial_shops, shop_fountains,
          shapermc_ecumenical_altar_hornbeckon, uniq_natasha, uniq_jessica
D:3:      layout_loops_corners, grunt_ministairs_6
D:4:      layout_loops_ring, minmay_temple_entry_tees, columned_hall_lemuel,
          hangedman_decor_diamond_cutter, minmay_misc_feat_four_crosses,
          chequers_garden, kennysheep_generic_room_9, uniq_robin,
          uniq_crazy_yiuf_cottage, uniq_sigmund
D:5:      layout_loops_ring, mainiacjoe_overflow_24_doors
D:6:      layout_gridville, mainiacjoe_overflow_paths
D:7:      layout_loops_cross, gammafunk_ghost_grave, kennysheep_generic_room_11
D:8:      layout_gridville, grunt_temple_overflow_open, serial_shops,
          nicolae_shop_hallway_plus, minmay_fractal_squares_5, uniq_pikel,
          uniq_psyche, uniq_gastronok
Temple:   nicolae_temple_no_exploring_needed

Skill      XL: |  1  2  3  4  5  6  7  8  9 10 |
---------------+-------------------------------+-----
Dodging        | 2 3 4 |  4.0
Stealth        | 2 4 |  4.3
Conjurations   | 5 6 7 8 9 |  9.9
Translocations | 1 2 3 4 |  4.8
Maces & Flails | 1 3 4 5 |  5.8
Staves         | 1 2 |  2.8
Axes           | 1 4 6 |  6.4
Spellcasting   | 3 |  3.9
Fighting       | 2 3 |  3.5
Throwing       | 1 |  1.5

Action                   |  1- 3 |  4- 6 |  7- 9 | 10-12 || total
-------------------------+-------+-------+-------+-------++-------
Melee: Unarmed           |    59 |    16 |       |       ||    75
       Tailslap          |     5 |     8 |    26 |     3 ||    42
       Flail             |       |    65 |   115 |       ||   180
       Punch             |       |     2 |     4 |     2 ||     8
       Quarterstaff      |       |       |    24 |       ||    24
       Broad axe         |       |       |    48 |    14 ||    62
Throw: Dart              |       |       |     6 |    14 ||    20
 Cast: Magic Dart        |    50 |    25 |    24 |     1 ||   100
       Searing Ray       |    10 |    28 |    25 |     4 ||    67
       Iskenderun's Myst |       |     7 |    26 |     8 ||    41
  Use: Potion            |     1 |     1 |    12 |     3 ||    17
       Scroll            |     2 |    11 |     4 |     1 ||    18
 Stab: Sleeping          |       |     2 |     5 |       ||     7
       Invisible         |       |       |    11 |       ||    11
Armor: Skin              |    19 |   250 |   165 |    17 ||   451
Dodge: Dodged            |    52 |    68 |   262 |    20 ||   402
